 Dungeon Crawl Stone Soup version 0.29-a0-542-g075992c915 (webtiles) character file.

Game seed: 3410407999377005131

9 sammy202020 the Skirmisher (level 2, 24/24 HPs)
             Began as a Demonspawn Berserker on June 4, 2022.
             Was a Follower of Trog.
             Quit the game on level 1 of the Dungeon.
             The game lasted 00:00:39 (275 turns).

sammy202020 the Skirmisher (Demonspawn Berserker)    Turns: 275, Time: 00:00:40

Health: 24/24      AC:  8    Str: 17    XL:     2   Next: 3%
Magic:  2/2        EV:  7    Int:  8    God:    Trog [*.....]
Gold:   34         SH:  0    Dex: 12    Spells: 1/1 levels left

rFire   . . .      SeeInvis .   a - +0 hand axe
rCold   . . .      Faith    .   (no shield)
rNeg    . . .      Spirit   .   c - +0 chain mail
rPois   .          Reflect  .   (no helmet)
rElec   .          Harm     .   (no cloak)
rCorr   .          Rampage  .   (no gloves)
Will    .....                   (no boots)
Stlth   ..........              (no amulet)
HPRegen 0.08/turn               (no ring)
MPRegen 0.08/turn               (no ring)

@: no status effects
A: claws 1
a: Renounce Religion, Berserk


You were on level 1 of the Dungeon.
You worshipped Trog.
Trog was aware of your devotion.
You visited 1 branch of the dungeon, and saw 1 of its levels.

You collected 34 gold pieces.

Inventory:

Hand Weapons
 a - a +0 hand axe (weapon)
Armour
 c - a +0 chain mail (worn)
Scrolls
 d - a scroll of poison {unknown}
 e - a scroll of immolation {unknown}
Potions
 b - 2 potions of berserk rage {unknown}
 f - 3 potions of haste {unknown}


   Skills:
 * Level 3.2 Fighting
 * Level 2.9 Axes
 + Level 1.9 Armour
 + Level 1.9 Dodging


You had one spell level left.
You didn't know any spells.
Your spell library was empty.

Dungeon Overview and Level Annotations

Branches:
Dungeon (1/15)

Altars:


Innate Abilities, Weirdness & Mutations

You have sharp fingernails.


Message History

You now have 7 gold pieces.
d - a scroll labelled NUPUTAUFA You now have 24 gold pieces (gained 17).
You now have 27 gold pieces (gained 3).
Found a stone staircase leading down.
You now have 34 gold pieces (gained 7).
Found an escape hatch in the floor.
e - a scroll labelled TEUGAU KETASUO A bat comes into view.
Found 3 murky silvery potions.
The bat barely misses you.
You slash the bat!
You kill the bat!
Trog accepts your kill.
No target in view!
No target in view!
No target in view!
No target in view!
No target in view!
No target in view!
No target in view!
No target in view!
No target in view!
There is an escape hatch in the floor here.
f - 3 murky silvery potions No target in view!
There is an escape hatch in the floor here.
A ball python comes into view.
Found a leather armour.
The ball python hisses angrily.
A ball python comes into view.
There are monsters nearby!
There are monsters nearby!
You hit the ball python.
You kill the ball python!
Trog accepts your kill.
You have reached level 2!
You feel monstrous as your demonic heritage exerts itself.
Your demonic ancestry asserts itself...
Your fingernails lengthen.
Are you sure you want to abandon this character and quit the game? (Confirm with "yes".)

#.>##....# ####..
##..#....# ##......
##....#.## ##..# .#
###.....###..## ##
... #..##...##.## #.
#[.###.####.....# #.
#........###.##.# #.
###.......##....#
###.
####@...####.#####...
#.#........#....#.
#S##.####....###..
#.# ... ##.....#..
#.# ###>..........
... .......###... #..
#####........ ..#
..#..#... #####.....


You could see a ball python.

Vanquished Creatures
  A bat (D:1)
  A goblin (D:1)
  3 hobgoblins (D:1)
  2 ball pythons (D:1)
7 creatures vanquished.

Notes
Turn   | Place    | Note
-------+----------+-------------------------------------------
     0 | D:1      | sammy202020 the Demonspawn Berserker began the quest for
                  | the Orb.
     0 | D:1      | Reached XP level 1. HP: 18/18 MP: 1/1
    55 | D:1      | Found a faded altar of an unknown god.
   275 | D:1      | Discovered your monstrous ancestry.
   275 | D:1      | Gained mutation: You have sharp fingernails. [demonic
                  | ancestry]
   275 | D:1      | Reached XP level 2. HP: 24/24 MP: 2/2
   275 | D:1      | Quit the game

Illustrated notes

Levels and vault maps discovered:
D:1:      dpeg_arrival_three_same_balls, layout_rooms,
          ebering_ecumenical_altar_mist, serial_shops, nicolae_shop_hallway_plus

Action                   || total
-------------------------++-------
Melee: Hand axe          ||    12
Armor: Chain mail        ||     4
Dodge: Dodged            ||     6

Table legend: (Time is in decaauts)
 A = Elapsed time spent in this place.
 B = Non-inter-level travel time spent in this place.
 C = Inter-level travel time spent in this place.
 D = Time resting spent in this place.
 E = Time spent auto-exploring this place.
 F = Levels seen in this place.
 G = Mean time per level.
                   A        B        C        D        E       F      G
               +--------+--------+--------+--------+--------+-----+--------+
         Total |    276 |    257 |     19 |      0 |    177 |   1 |  276.0 |
       Dungeon |    276 |    257 |     19 |      0 |    177 |   1 |  276.0 |
               +--------+--------+--------+--------+--------+-----+--------+

Top non-repeatable levels by time:
     D:1: 276 daAuts
